 Dungeon Crawl Stone Soup version bcrawl-1.12-11-gb93c957c58 (console) character file.

Game seed: 16897718690440718154

1217 Lexodia the Carver (level 8, -2/63 HPs)
             Began as a Minotaur Archaeologist on July 3, 2019.
             Slain by an orc warrior
             ... wielding a +0 flail
              (15 damage)
             ... on level 5 of the Dungeon.
             The game lasted 00:06:21 (3770 turns).

Lexodia the Carver (Minotaur Archaeologist)         Turns: 3770, Time: 00:06:21

Health: -2/63      AC: 13    Str: 18    XL:     8   Next: 22%
Magic:  7/7        EV:  8    Int: 11    God:
Gold:   237        SH:  2    Dex:  9    Spells: 7/7 levels left

rFire    . . .     SeeInvis .   f - +9 sword of Zonguldrok {reap}
rCold    . . .     Gourm    .   (no shield)
rNeg     . . .     Faith    .   q - +0 chain mail
rPois    +         Spirit   .   b - +1 hat
rElec    .         Reflect  .   (no cloak)
rCorr    +         Harm     .   d - +1 pair of gloves
MR       .....                  c - +1 pair of boots
Stlth    ..........             (no amulet)
HPRegen  0.20/turn              y - ring of resist corrosion
MPRegen  0.10/turn              m - ring of poison resistance

@: no status effects
A: retaliatory headbutt, horns 2
a: no special abilities


You were on level 5 of the Dungeon.
You were hungry.

You visited 1 branch of the dungeon, and saw 5 of its levels.
You also visited: Sewer.

You collected 237 gold pieces.

Inventory:

Hand Weapons
 f - the +9 sword of Zonguldrok (weapon) {reap} If a monster killed with it leaves a corpse in good enough shape, the corpse will be animated as a zombie friendly to the killer.
 p - a +2 dagger of freezing
 v - a +0 falchion of flaming
Armour
 a - a +1 robe
 b - a +1 hat (worn)
 c - a +1 pair of boots (worn)
 d - a +1 pair of gloves (worn)
 q - a +0 chain mail (worn)
Jewellery
 m - a ring of poison resistance (right hand)
 y - a ring of resist corrosion (left hand)
Scrolls
 h - 4 scrolls of remove curse {unknown}
 i - 5 scrolls of identify {unknown}
 j - 7 scrolls of teleportation {unknown}
 k - 2 scrolls of enchant armour {unknown}
 l - 2 scrolls of amnesia {unknown}
 n - a scroll of enchant weapon {unknown}
 r - a scroll of immolation {unknown}
 t - a scroll of fear {unknown}
 w - 2 scrolls of magic mapping {unknown}
 x - a scroll of blinking {unknown}
Potions
 e - a potion of brilliance {unknown}
 o - a potion of mutation {unknown}
 s - 4 potions of curing {unknown}
 u - a potion of lignification {unknown}
Comestibles
 g - 7 rations {!d}


   Skills:
 - Level 3.0 Fighting
 * Level 12.2 Long Blades
 - Level 2.1 Armour
 - Level 3.3 Dodging
 - Level 2.7 Stealth


You had 7 spell levels left.
You didn't know any spells.
Your spell library was empty.

Dungeon Overview and Level Annotations

Branches:
Dungeon (5/12)
 Temple: D:4-7

Altars:
Dithmenos
Trog
Wu Jian


Innate Abilities, Weirdness & Mutations

You reflexively headbutt those who attack you in melee.
You have a pair of horns on your head.


Message History

You slash the ogre! Your headbutt misses the ogre.
The ogre is almost dead.
Something hits you but does no damage.
The orc barely misses your orc priest zombie.
The hound bites you but does no damage. The orc warrior completely misses you.
You hit the ogre.
You kill the ogre!
The ogre turns into a zombie!
Your Long Blades skill increases to level 12!
The hound closely misses you.
The orc hits your orc priest zombie but does no damage.
Your orc priest zombie completely misses the orc.
The orc hits your orc priest zombie with a +0 short sword.
Something hits you but does no damage.
You miss the hound. Your headbutt misses the hound.
The hound is heavily wounded.
The hound bites you.
* * * LOW HITPOINT WARNING * * *
The orc warrior hits you with a +0 flail!
You die...

#....# #....# #....#
#....### #......####
#^.....!..#####......
#....#.##............
####...o....#####.......
..(...h@..%.............
...#..ZZ.ยง.##.###.......
#....?oo................
...(...).......###......
.........>...... #....<.
..............#.........
...............###......
.............[....#.....
.......(.


You could see an orc warrior, a hound, 2 orcs, a friendly orc priest zombie and
a friendly ogre zombie.

Vanquished Creatures
  Eustachio (D:4)
  A black bear (D:5)
  A phantom (D:4)
  3 ogres
  A scorpion (D:4)
  A howler monkey (D:4)
  A crimson imp (D:4)
  A bullfrog zombie (D:4)
  2 orc priests
  A hound (D:4)
  A worker ant (D:4)
  2 orc wizards
  Robin (D:2)
  8 adders
  7 river rats
  An adder skeleton (D:3)
  5 worms
  3 leopard geckos
  12 orcs
  3 ball pythons
  4 giant cockroaches
  17 goblins
  6 hobgoblins
  5 jackals (D:3)
  6 bats
  6 frilled lizards
  5 kobolds
  19 rats
124 creatures vanquished.

Vanquished Creatures (collateral kills)
  A hound (D:4)
  An adder (D:4)
  A river rat (Sewer)
  2 adder skeletons (D:4)
  4 frilled lizards (Sewer)
9 creatures vanquished.

Grand Total: 133 creatures vanquished

Notes
Turn   | Place    | Note
-------+----------+-------------------------------------------
     0 | D:1      | Lexodia the Minotaur Archaeologist began the quest for the
                  | Orb.
     0 | D:1      | Reached XP level 1. HP: 16/16 MP: 0/0
   346 | D:1      | Reached skill level 1 in Armour
   346 | D:1      | Reached XP level 2. HP: 23/24 MP: 1/1
  1023 | D:2      | Reached XP level 3. HP: 15/30 MP: 2/2
  1027 | D:2      | Noticed Robin
  1062 | D:2      | Killed Robin
  1062 | D:2      | Reached skill level 1 in Long Blades
  1376 | D:2      | Reached skill level 2 in Long Blades
  1769 | D:3      | Found a bloodstained altar of Trog.
  1776 | D:3      | Reached skill level 3 in Long Blades
  1784 | D:3      | Reached XP level 4. HP: 30/38 MP: 3/3
  1871 | D:3      | Reached skill level 4 in Long Blades
  1948 | D:3      | Reached skill level 5 in Long Blades
  1999 | D:3      | Noticed an ogre
  2012 | D:3      | Killed an ogre
  2012 | D:3      | Reached skill level 7 in Long Blades
  2012 | D:3      | Reached XP level 5. HP: 10/45 MP: 4/4
  2358 | D:3      | Reached skill level 8 in Long Blades
  2592 | D:4      | Noticed a phantom
  2624 | D:4      | Killed a phantom
  2624 | D:4      | Reached skill level 9 in Long Blades
  2624 | D:4      | Reached XP level 6. HP: 37/51 MP: 5/5
  2639 | D:4      | Noticed Eustachio
  2653 | D:4      | Killed Eustachio
  2762 | D:4      | Found a glowing drain.
  2770 | D:4      | Reached XP level 7. HP: 52/57 MP: 6/6
  2782 | Sewer    | Entered a sewer
  2803 | Sewer    | Reached skill level 10 in Long Blades
  3426 | D:4      | Found an ornate altar of the Wu Jian Council.
  3573 | D:4      | Reached skill level 11 in Long Blades
  3744 | D:5      | Entered Level 5 of the Dungeon
  3744 | D:5      | Found a shadowy altar of Dithmenos.
  3759 | D:5      | Reached XP level 8. HP: 61/63 MP: 7/7
  3769 | D:5      | Reached skill level 12 in Long Blades
  3770 | D:5      | Slain by an orc warrior

Skill      XL: |  1  2  3  4  5  6  7  8 |
---------------+-------------------------+-----
Armour         | 1 2 |  2.1
Fighting       | 2 3 |  3.0
Long Blades    | 3 7 9 11 12 | 12.2
Dodging        | |  3.3
Stealth        | |  2.7

Action                   |  1- 3 |  4- 6 |  7- 9 || total
-------------------------+-------+-------+-------++-------
Melee: Unarmed           |   115 |       |       ||   115
       Headbutt          |    20 |     9 |     9 ||    38
       Dagger            |    41 |       |       ||    41
       Falchion          |       |   101 |       ||   101
       Double sword      |       |    17 |   108 ||   125
  Use: Potion            |     1 |       |       ||     1
 Stab: Sleeping          |     4 |       |       ||     4
  Eat: Chunk             |     3 |     2 |     4 ||     9
Armor: Robe              |    29 |       |       ||    29
       Chain mail        |    41 |    88 |    95 ||   224
Dodge: Dodged            |    83 |    46 |    44 ||   173
Block: Other             |       |     4 |     2 ||     6
